AoeStats
← Moul_Thon

Oasis

509234674Analyzed
2v2 RM · 8d ago on Sep 26, 2026· 43m 46s· 4 players
Game mode
Random Map
Map size
Medium (4 player)
Population
200
Speed
Normal
Resources
Standard
Victory
Conquest
Starting age
Dark Age
Ending age
Imperial Age
RankedLock teamsTeams togetherTeam positionsShared explorationLock speedFull tech treeHidden civsTurbo modeCheats
Victory
Defeat
🇨🇷 Danes · Costa Rica
1313
+12
🇨🇷 Jurchens · Costa Rica
1244
+15
🇲🇦 Burgundians · Morocco
1269
-15
🇲🇦 Huns · Morocco
1175
-12
[ALWM]jinikoro
5:33 Loom
11:51 Feudal Age
12:38 Horse Collar
17:19 Castle Age
15:43 Double-Bit Axe
17:58 Pikeman
20:07 Bow Saw
21:40 Gold Mining
25:57 Wheelbarrow
25:49 Heavy Plow
26:44 Scale Mail Armor
27:46 Hand Cart
29:07 Forging
29:05 Scale Barding Armor
31:23 Chain Mail Armor
31:43 Iron Casting
31:29 Chain Barding Armor
35:15 Imperial Age
36:17 Conscription
36:41 Plate Barding Armor
37:07 Blast Furnace
35:40 Cavalier
36:22 Husbandry
38:47 Chemistry
37:24 Paladin
Moul_Thon
6:51 Loom
9:41 Feudal Age
16:44 Castle Age
15:06 Double-Bit Axe
15:17 Horse Collar
15:58 Town Watch
23:54 Stone Mining
38:57 Bow Saw
Divine VI
11:02 Feudal Age
16:27 Castle Age
17:22 Loom
17:23 Double-Bit Axe
17:19 Horse Collar
20:59 Bow Saw
24:11 Heavy Plow
25:54 Wheelbarrow
26:52 Gold Mining
28:07 Padded Archer Armor
28:12 Scale Barding Armor
28:10 Scale Mail Armor
28:20 Forging
29:05 Gold Shaft Mining
28:23 Stone Mining
29:48 Squires
31:58 Hand Cart
34:32 Imperial Age
32:17 Gambesons
32:17 Arson
32:41 Scale Barding Armor
33:11 Treadmill Crane
34:23 Iron Casting
34:03 Chain Mail Armor
34:03 Siege Engineers
34:31 Ballistics
34:38 Elite Fire Lancer
36:39 Conscription
38:53 Blast Furnace
37:44 Fletching
38:09 Leather Archer Armor
41:22 Crossbowman
Melfyce
10:36 Feudal Age
9:27 Loom
14:38 Castle Age
13:47 Double-Bit Axe
13:55 Stone Mining
23:03 Horse Collar
25:43 Arson
26:31 Bow Saw
28:09 Scale Mail Armor
29:25 Squires
30:01 Town Watch
30:51 Wheelbarrow
30:38 Forging
31:14 Chain Mail Armor
36:43 Imperial Age
35:07 Iron Casting
36:11 Heavy Plow
36:25 Gold Mining
40:10 Onager
43:12 Fletching
Connection lost

Rejoining the realm…

Still unreachable

The connection could not be restored.

Session expired

The server has moved on; the page needs a fresh start.